 Dungeon Crawl Stone Soup version 0.22-b1-26-g9dbaab1 (webtiles) character file.

127386 Lilu the Eclecticist (level 16, -3/105 HPs)
             Began as a Deep Elf Conjurer on Aug 7, 2018.
             Was a High Priest of Vehumet.
             Slain by a scimitar of slicing (6 damage)
             ... on level 1 of the Elven Halls.
             The game lasted 03:50:46 (42739 turns).

Lilu the Eclecticist (Deep Elf Conjurer)           Turns: 42739, Time: 03:50:47

Health: -3/105     AC:  9    Str:  8    XL:     16   Next: 46%
Magic:  0/55       EV: 20    Int: 35    God:    Vehumet [*****.]
Gold:   2666       SH:  6    Dex: 16    Spells: 15/52 levels left

rFire    + + +     SeeInvis +   X - staff of power
rCold    + + .     Gourm    .   C - +1 buckler {rC+ rF+}
rNeg     + . .     Faith    .   u - +1 robe {rC+ rF+}
rPois    .         Spirit   +   H - +2 hat of the Bear Spirit {Spirit, +Rage rN+ MR++}
rElec    .         Reflect  .   E - +0 cloak
rCorr    .         Harm     .   y - +0 pair of gloves
MR       +++..                  D - +1 pair of boots
Stlth    ++........             F - amulet of regeneration
HPRegen  0.67/turn              T - ring "Buebry" {+Inv rF+ Int+4}
MPRegen  0.34/turn              g - ring of see invisible

@: brilliant, about to teleport
A: antennae 1, clever 1, robust 1
a: Renounce Religion, Evoke Berserk Rage, Evoke Invisibility


You were on level 1 of the Elven Halls.
You worshipped Vehumet.
Vehumet was extremely pleased with you.
You were not hungry.

You visited 6 branches of the dungeon, and saw 26 of its levels.
You also visited: Labyrinth.

You collected 2666 gold pieces.

Inventory:

Hand Weapons
 v - the +7 long sword of Battle {slice, rC+ Dex+4}
   (You took it off a human on level 14 of the Dungeon)

   It inflicts extra damage upon your enemies.
   It affects your dexterity (+4).
   It protects you from cold.
Armour
 u - a +1 robe of resistance (worn)
 y - a +0 pair of gloves (worn)
 C - a +1 buckler of resistance (worn)
 D - a +1 pair of boots (worn)
 E - a +0 cloak (worn)
 H - the +2 hat of the Bear Spirit (worn) {Spirit, +Rage rN+ MR++}
   (You found it on level 5 of the Dungeon)

   It protects you from negative energy.
   It affects your resistance to hostile enchantments.
   It lets you go berserk.
 Z - a +0 troll leather armour
Magical Staves
 X - an uncursed staff of power (weapon)
Jewellery
 d - the ring of Konwygh {rElec Str-2 Int+6}
   (You took it off a crimson imp on level 10 of the Dungeon)

   [ring of strength]

   It affects your strength (-2).
   It affects your intelligence (+6).
   It insulates you from electricity.
 g - a ring of see invisible (right hand)
 l - a +2 amulet of reflection
 F - an amulet of regeneration (around neck)
 T - the ring "Buebry" (left hand) {+Inv rF+ Int+4}
   (You took it off a minotaur in a labyrinth)

   [ring of protection from fire]

   It affects your intelligence (+4).
   It protects you from fire.
   It lets you turn invisible.
Wands
 p - a wand of disintegration (49)
 s - a wand of polymorph (48)
 z - a wand of acid (6)
 G - a wand of digging (14)
 P - a wand of enslavement (9)
 R - a wand of flame (41)
 S - a wand of clouds (4)
 U - a wand of iceblast (22)
Scrolls
 i - 11 scrolls of teleportation
 k - 5 scrolls of fear
 n - 3 scrolls of magic mapping
 o - 4 scrolls of amnesia
 q - a scroll of fog
 A - 6 scrolls of remove curse
 B - 2 scrolls of immolation
 I - 3 scrolls of vulnerability
 Q - 2 scrolls of random uselessness {unknown}
 V - 2 scrolls of holy word {unknown}
 W - 2 scrolls of blinking {unknown}
 Y - a scroll of enchant weapon {unknown}
Potions
 a - 4 potions of brilliance
 b - 5 potions of flight
 e - a potion of berserk rage {unknown}
 h - 4 potions of lignification
 j - 5 potions of mutation
 m - 5 potions of cancellation
 r - a potion of degeneration {unknown}
 w - 3 potions of resistance
 x - 3 potions of agility
 J - a potion of ambrosia {unknown}
 L - 2 potions of might {unknown}
 M - 2 potions of haste {unknown}
 O - 2 potions of magic {unknown}
Comestibles
 c - 19 rations
 t - 3 chunks of flesh


   Skills:
 + Level 9.3 Fighting
 + Level 10.5 Dodging
 - Level 2.4 Stealth
 - Level 4.0 Shields
 - Level 18.7 Spellcasting
 - Level 16.0 Conjurations
 - Level 6.0 Hexes
 - Level 16.0 Fire Magic


You had 15 spell levels left.
You knew the following spells:

 Your Spells              Type           Power        Failure   Level  Hunger
a - Magic Dart            Conj           ####         0%          1    None
b - Searing Ray           Conj           ######       0%          2    None
c - Iskenderun's Mystic   Conj           ########     0%          4    None
d - Flame Tongue          Conj/Fire      #####        0%          1    None
e - Fulminant Prism       Conj/Hex       #######...   1%          4    None
f - Conjure Flame         Conj/Fire      ########     0%          3    None
g - Fireball              Conj/Fire      ########..   1%          5    None
h - Cause Fear            Hex            #######...   1%          4    None
i - Bolt of Fire          Conj/Fire      ########..   1%          6    None
j - Mephitic Cloud        Conj/Pois/Air  ######..     1%          3    None
k - Force Lance           Conj/Tloc      #######.     1%          4    None

Your spell library contained the following spells:

 Spells                   Type           Power        Failure   Level  Hunger
 Apportation              Tloc           ######       1%          1    None
 Slow                     Hex            #######.     1%          2    None
 Confuse                  Hex            #######.     1%          3    None
 Throw Frost              Conj/Ice       ######       1%          2    None
 Summon Small Mammal      Summ           ####         1%          1    None
 Blink                    Tloc           N/A          1%          2    None
 Animate Dead             Necr           N/A          1%          4    None
 Pain                     Necr           ####         1%          1    None
 Animate Skeleton         Necr           N/A          1%          1    None
 Vampiric Draining        Necr           ######....   1%          3    None
 Freeze                   Ice            ####         1%          1    None
 Summon Ice Beast         Ice/Summ       ######..     1%          4    None
 Ozocubu's Armour         Chrm/Ice       ######..     1%          3    None
 Call Imp                 Summ           ######..     1%          2    None
 Regeneration             Chrm/Necr      ######....   1%          3    None
 Sting                    Conj/Pois      ####         1%          1    None
 Deflect Missiles         Chrm/Air       ######....   16%         6    None
 Throw Icicle             Conj/Ice       #######.     1%          4    None
 Confusing Touch          Hex            ######       1%          1    None
 Call Canine Familiar     Summ           ######..     1%          3    None
 Metabolic Englaciation   Hex/Ice        ######....   1%          5    None
 Summon Butterflies       Summ           ######..     1%          1    None
 Silence                  Hex/Air        ######....   1%          5    None
 Petrify                  Tmut/Erth      ######..     1%          4    None
 Leda's Liquefaction      Hex/Erth       ######....   1%          4    None
 Dazzling Spray           Conj/Hex       ######       1%          3    None
 Discord                  Hex            #######...   45%         8    ####...
 Summon Lightning Spire   Summ/Air       ######..     1%          4    None
 Summon Guardian Golem    Hex/Summ       ######..     1%          3    None
 Gell's Gravitas          Tloc           ######....   1%          3    None
 Yara's Violent Unravell  Hex/Tmut       ######....   1%          5    None


Dungeon Overview and Level Annotations

Branches:
Dungeon (15/15)            Temple (1/1) D:4            Lair (6/6) D:9
  Swamp (0/4) Lair:2        Snake (0/4) Lair:4        Slime (0/5) Lair:6
    Orc (2/2) D:11            Elf (1/3) Orc:2        Vaults (0/5) D:14
 Depths (1/5) D:15

Altars:
Ashenzari
Cheibriados
Dithmenos
Elyvilon
Fedhas
Gozag
Hepliaklqana
Kikubaaqudgha
Makhleb
Nemelex Xobeh
Okawaru
Qazlal
Ru
Sif Muna
Trog
Uskayaw
Vehumet
Wu Jian
Xom
Yredelemnul
Zin
The Shining One
Jiyva

Shops:
D:4 }   D:10 *   Orc:2 %!!(


Innate Abilities, Weirdness & Mutations

You have a pair of small antennae on your head.
Your mind is acute. (Int +2)
You are robust. (+10% HP)


Message History

Confirm with . or Enter, or press ? or * to list all spells.
Aiming: Iskenderun's Mystic Blast (safe; 0% risk of failure)
Press: ? - help, Shift-Dir - straight line, f/p - scimitar of slicing
Aim: a scimitar of slicing The orb of energy hits the scimitar of slicing.
The scimitar of slicing is severely damaged.
The scimitar of slicing hits you.
The scimitar of slicing barely misses you.
You block the scimitar of slicing's attack.
Some of the chunks of flesh in your inventory have rotted away.
The scimitar of slicing barely misses you.
The scimitar of slicing hits you!
* * * LOW HITPOINT WARNING * * *
Okay, then.
As you read the scroll of teleportation, it crumbles to dust.
You feel strangely unstable. The scimitar of slicing hits you.
* * * LOW HITPOINT WARNING * * *
x2 The scimitar of slicing hits you!!
* * * LOW HITPOINT WARNING * * *
You die...

#####
#...+
#@(.+
#...#
#...+
#...+
#..##
#..#
#..#
#..#
#..#


You could see a scimitar of slicing.

Vanquished Creatures
  Saint Roka (Orc:2)
  Donald (Orc:2)
  Kirke (Lair:6)
  Louise (Elf:1)
  Nessos (Orc:2)
  A minotaur (Lab)
  A fire dragon (D:15)
  An ettin (Orc:2)
  Josephine (D:11)
  3 ogre magi
  Harold (D:8)
  2 vault guards (D:14)
  6 hydras
  4 catoblepae (Lair:6)
  A centaur warrior (D:13)
  2 deep troll earth magi (Depths:1)
  13 two-headed ogres
  A deep troll shaman (Depths:1)
  15 death yaks
  2 deep elf knights (Elf:1)
  7 skeletal warriors
  An iron troll (D:15)
  3 deep trolls
  5 unseen horrors
  5 wizards
  A wolf spider zombie (D:15)
  4 deep elf archers (Elf:1)
  3 necromancers
  2 oklob plants
  3 orc sorcerers
  An orc knight (Orc:1)
  9 ugly things
  3 deep elf magi
  5 cyclopes
  12 elephants
  A black mamba (Lair:5)
  5 manticores
  Joseph (D:7)
  Psyche (D:8)
  15 spiny frogs
  9 komodo dragons
  3 rime drakes
  A rime drake (shapeshifter) (D:14)
  A kobold demonologist (D:10)
  2 efreet
  A freezing wraith (D:15)
  A yaktaur (shapeshifter) (D:13)
  2 tengu conjurers (D:15)
  12 trolls
  A meliai (D:9)
  Prince Ribbit (Lair:2)
  10 hippogriffs
  5 dream sheep (Lair:6)
  22 blink frogs
  8 slime creatures
  An air elemental (Elf:1)
  18 flying skulls
  2 shadows (D:15)
  A spriggan (D:10)
  4 wyverns
  34 yaks
  5 wraiths
  Grum (D:9)
  5 basilisks
  20 humans (D:14)
  A steam dragon (Lair:3)
  6 hogs (Lair:6)
  A fire elemental (Elf:1)
  2 hungry ghosts (D:12)
  3 vampire mosquitoes (D:14)
  4 wargs
  2 acid dragons (D:15)
  A naga (Lair:4)
  11 water moccasins
  15 porcupines
  2 sky beasts (D:10)
  An ice beast (D:10)
  28 orc warriors
  3 phantoms
  5 black bears
  An eye of draining (D:13)
  A necrophage (D:8)
  32 ogres
  7 wolves
  10 centaurs
  12 crocodiles
  3 big kobolds
  14 bullfrogs
  A water moccasin zombie (D:8)
  A wyvern skeleton (D:14)
  A water moccasin skeleton (D:7)
  6 jellies
  9 scorpions
  28 wights
  3 howler monkeys (D:11)
  A lava snake (Lair:5)
  9 crimson imps
  4 quasits
  2 bullfrog zombies
  9 hounds
  13 orc wizards
  3 bullfrog skeletons
  5 centaur skeletons
  16 orc priests
  2 centaur zombies
  Crazy Yiuf (D:4)
  4 iguanas
  7 worker ants
  5 hell rats (Lair:3)
  A statue (D:5)
  A hound zombie (D:7)
  A hound skeleton (D:8)
  15 gnolls
  17 adders
  2 shadow imps
  3 oozes
  3 adder skeletons
  A worm (D:4)
  3 dart slugs
  7 leopard geckos
  81 orcs
  4 giant cockroaches
  42 goblins
  24 hobgoblins
  7 jackals
  8 quokkas
  5 ball pythons
  A ball python skeleton (D:4)
  6 bats
  8 frilled lizards
  19 kobolds
  A quokka skeleton (D:4)
  3 rats
  20 fulminant prisms
  7 fungi
  7 plants
908 creatures vanquished.

Vanquished Creatures (others)
  A deep elf mage (D:15)
  2 trolls (Orc:2)
  An ogre (Orc:2)
  A bush (Lair:6)
  114 fulminant prisms
  27 fungi
  11 plants
157 creatures vanquished.

Grand Total: 1065 creatures vanquished

Notes
Turn   | Place    | Note
-------+----------+-------------------------------------------
     0 | D:1      | Lilu the Deep Elf Conjurer began the quest for the Orb.
     0 | D:1      | Reached XP level 1. HP: 10/10 MP: 6/6
   165 | D:1      | Reached XP level 2. HP: 15/15 MP: 1/8
   245 | D:1      | Reached skill level 5 in Conjurations
   532 | D:1      | Learned a level 2 spell: Searing Ray
   761 | D:2      | Reached XP level 3. HP: 19/19 MP: 7/9
  1155 | D:2      | Reached XP level 4. HP: 24/24 MP: 7/10
  1465 | D:2      | Found a faded altar of an unknown god.
  2264 | D:3      | Learned a level 4 spell: Iskenderun's Mystic Blast
  2423 | D:3      | Reached XP level 5. HP: 28/28 MP: 4/11
  3522 | D:4      | Found a staircase to the Ecumenical Temple.
  3530 | Temple   | Entered the Ecumenical Temple
  3798 | D:4      | Reached XP level 6. HP: 32/32 MP: 12/12
  3982 | D:4      | Reached skill level 1 in Fighting
  4875 | D:4      | Gained mutation: You have a pair of small antennae on your head. [potion of mutation]
  4875 | D:4      | Gained mutation: You are robust. (+10% HP) [potion of mutation]
  4875 | D:4      | Gained mutation: Your mind is acute. (Int +2) [potion of mutation]
  5101 | D:4      | Reached XP level 7. HP: 45/45 MP: 4/13
  5585 | D:4      | Found a runed door.
  5708 | D:4      | Found Faeluq's Gadget Emporium.
  6034 | D:4      | Reached skill level 5 in Fighting
  6340 | D:4      | Found a basalt altar of Yredelemnul.
  6340 | D:4      | Found a faded altar of an unknown god.
  6403 | D:4      | Found a hide-covered altar of Uskayaw.
  6405 | D:4      | Found a hazy altar of Hepliaklqana.
  6406 | D:4      | Found a stormy altar of Qazlal.
  6683 | D:4      | Noticed Crazy Yiuf
  6687 | D:4      | Killed Crazy Yiuf
  6722 | D:5      | Entered Level 5 of the Dungeon
  6725 | D:5      | Reached XP level 8. HP: 55/55 MP: 10/14
  6846 | D:5      | Found a basalt altar of Yredelemnul.
  7167 | D:5      | Reached skill level 4 in Spellcasting
  7420 | D:5      | Found the +2 hat of the Bear Spirit {Spirit, +Rage rN+ MR++}
  7678 | D:5      | Found a radiant altar of Vehumet.
  7709 | D:5      | Became a worshipper of Vehumet
  9745 | D:7      | Reached XP level 9. HP: 60/64 MP: 6/17
  9761 | D:7      | Reached skill level 1 in Shields
 10576 | D:7      | Reached * piety under Vehumet
 10576 | D:7      | Offered knowledge of Sting by Vehumet.
 10741 | D:7      | Reached skill level 5 in Dodging
 11822 | D:8      | Noticed Joseph
 11959 | D:8      | Noticed Psyche
 11971 | D:8      | Killed Psyche
 11971 | D:8      | Reached XP level 10. HP: 30/70 MP: 1/18
 12442 | D:8      | Noticed Harold
 12894 | D:8      | Killed Harold
 12894 | D:8      | Reached skill level 5 in Spellcasting
 13269 | D:9      | Noticed a death yak
 13270 | D:9      | Noticed a death yak
 13318 | D:9      | Found a sacrificial altar of Ru.
 13342 | D:9      | Reached skill level 6 in Spellcasting
 13880 | D:9      | Noticed Grum
 14114 | D:9      | Found a shadowy altar of Dithmenos.
 14205 | D:9      | Reached ** piety under Vehumet
 14207 | D:9      | Killed Grum
 14207 | D:9      | Offered knowledge of Flame Tongue by Vehumet.
 14207 | D:9      | Reached skill level 7 in Spellcasting
 14207 | D:9      | Reached skill level 10 in Conjurations
 14328 | D:9      | Learned a level 1 spell: Flame Tongue
 14424 | D:9      | Found a sacrificial altar of Ru.
 14511 | D:9      | Found an iron altar of Okawaru.
 14569 | D:9      | Found a staircase to the Lair.
 14793 | D:9      | Noticed a death yak
 15313 | D:8      | Killed a death yak
 15313 | D:8      | Reached skill level 8 in Spellcasting
 15679 | D:7      | Killed Joseph
 16319 | D:8      | Killed a death yak
 16319 | D:8      | Reached skill level 9 in Spellcasting
 16450 | D:8      | Killed a death yak
 16450 | D:8      | Reached XP level 11. HP: 51/74 MP: 0/26
 16724 | Lair:1   | Entered Level 1 of the Lair of Beasts
 17135 | Lair:1   | Reached skill level 10 in Spellcasting
 17937 | Lair:1   | Reached skill level 1 in Fire Magic
 18343 | Lair:2   | Found a labyrinth entrance.
 18354 | Lab      | Entered a labyrinth
 18551 | Lab      | Noticed a minotaur
 19113 | Lab      | Learned a level 4 spell: Fulminant Prism
 19257 | Lab      | Killed a minotaur
 19257 | Lab      | Reached skill level 11 in Spellcasting
 19380 | Lab      | Got an ancient glass ring
 19404 | Lab      | Identified the Disquisition on Stones and the Escort
 19404 | Lab      | Identified Dauplout's Collected Works on Fetching Intoxication
 19406 | Lab      | Got a blackened chain mail
 19429 | Lab      | Identified the +2 chain mail of the Eternal Void {rElec Regen+ Slay-3} (You found it in a labyrinth)
 19443 | Lab      | Identified the ring "Buebry" {+Inv rF+ Int+4} (You took it off a minotaur in a labyrinth)
 19737 | Lair:2   | Found a staircase to the Swamp.
 20052 | Lair:2   | Reached skill level 5 in Fire Magic
 20481 | Lair:2   | Noticed Prince Ribbit
 20486 | Lair:2   | Killed Prince Ribbit
 20486 | Lair:2   | Reached skill level 12 in Spellcasting
 20920 | D:10     | Entered Level 10 of the Dungeon
 21033 | D:10     | Reached XP level 12. HP: 80/80 MP: 15/30
 21059 | D:10     | Offered knowledge of Conjure Flame by Vehumet.
 21100 | D:10     | Found a runed door.
 21378 | D:10     | Learned a level 3 spell: Conjure Flame
 21391 | D:10     | Reached *** piety under Vehumet
 21743 | D:10     | Found Qobienne's Assorted Antiques.
 21897 | D:10     | Got a crude granite ring
 21899 | D:10     | Identified the cursed ring of Konwygh {rElec Str-2 Int+6} (You took it off a crimson imp on level 10 of the Dungeon)
 22061 | D:10     | Offered knowledge of Ignite Poison by Vehumet.
 22078 | D:10     | Reached skill level 1 in Hexes
 22558 | D:11     | Noticed Josephine
 22567 | D:11     | Reached **** piety under Vehumet
 22767 | D:11     | Offered knowledge of Fireball by Vehumet.
 22774 | D:11     | Learned a level 5 spell: Fireball
 23213 | D:11     | Killed Josephine
 23912 | D:11     | Found a staircase to the Orcish Mines.
 24297 | D:12     | Reached skill level 5 in Hexes
 24807 | D:12     | Noticed a seven-headed hydra
 24812 | D:12     | Killed a seven-headed hydra
 25115 | D:13     | Learned a level 4 spell: Cause Fear
 25125 | D:13     | Reached ***** piety under Vehumet
 25223 | D:13     | Offered knowledge of Sticky Flame by Vehumet.
 25375 | D:13     | Noticed a five-headed hydra
 25378 | D:13     | Killed a five-headed hydra
 25849 | D:13     | Reached XP level 13. HP: 85/85 MP: 31/31
 25854 | D:13     | Found a shattered altar of Ashenzari.
 26630 | Lair:3   | Reached skill level 10 in Fire Magic
 28491 | Lair:4   | Found a staircase to the Snake Pit.
 28809 | Lair:4   | Reached skill level 15 in Conjurations
 30309 | Lair:5   | Offered knowledge of Bolt of Fire by Vehumet.
 30317 | Lair:5   | Learned a level 6 spell: Bolt of Fire
 31367 | Lair:6   | Entered Level 6 of the Lair of Beasts
 31482 | Lair:6   | Reached XP level 14. HP: 92/92 MP: 31/32
 31655 | Lair:6   | Noticed Kirke
 31657 | Lair:6   | Noticed a sphinx
 31903 | Lair:6   | Found a blossoming altar of Fedhas.
 31981 | Lair:6   | Reached skill level 13 in Spellcasting
 32091 | Lair:6   | Found a viscous altar of Jiyva.
 32092 | Lair:6   | Found a staircase to the Slime Pits.
 32377 | Lair:6   | Reached skill level 14 in Spellcasting
 32835 | Lair:6   | Killed Kirke
 32835 | Lair:6   | Reached skill level 15 in Spellcasting
 33393 | Lair:6   | Reached skill level 16 in Spellcasting
 33406 | Lair:6   | Offered knowledge of Lightning Bolt by Vehumet.
 34430 | D:14     | Reached skill level 17 in Spellcasting
 35048 | D:14     | Reached XP level 15. HP: 96/96 MP: 17/38
 35215 | D:14     | Reached skill level 18 in Spellcasting
 35267 | D:14     | Got a steaming long sword {slice}
 35287 | D:14     | Identified the +7 long sword of Battle {slice, rC+ Dex+4} (You took it off a human on level 14 of the Dungeon)
 35766 | D:14     | Got an encrusted chain mail
 35777 | D:14     | Identified the +1 chain mail of Hech {rC+} (You took it off a human on level 14 of the Dungeon)
 36003 | D:14     | Found a gate to the Vaults.
 36242 | D:15     | Entered Level 15 of the Dungeon
 37555 | D:15     | Offered knowledge of Venom Bolt by Vehumet.
 38155 | D:15     | Found a staircase to the Depths.
 38167 | Depths:1 | Entered Level 1 of the Depths
 38794 | D:15     | Reached skill level 15 in Fire Magic
 38835 | D:15     | Found the +3 giant club "Skullcrusher" {speed, Str+7}
 39277 | D:15     | Learned a level 3 spell: Mephitic Cloud
 39356 | Depths:1 | Noticed a lich
 39682 | Orc:1    | Entered Level 1 of the Orcish Mines
 40020 | Orc:2    | Entered Level 2 of the Orcish Mines
 40020 | Orc:2    | Found Micyxtih's Distillery.
 40020 | Orc:2    | Found Quofag's Antique Weapon Shoppe.
 40031 | Orc:2    | Reached XP level 16. HP: 66/102 MP: 1/40
 40218 | Orc:1    | Found a bloodstained altar of Trog.
 40611 | Orc:2    | Offered knowledge of Freezing Cloud by Vehumet.
 40618 | Orc:2    | Noticed Donald
 40793 | Orc:2    | Killed Donald
 40796 | Orc:2    | Noticed Nessos
 40810 | Orc:2    | Killed Nessos
 41019 | Orc:2    | Found Eblopha's Food Boutique.
 41025 | Orc:2    | Noticed Saint Roka
 41223 | Orc:1    | Learned a level 4 spell: Force Lance
 41616 | Orc:2    | Killed Saint Roka
 41893 | Orc:2    | Found a staircase to the Elven Halls.
 42012 | Orc:2    | Found Bekhlemig's Distillery.
 42273 | Elf:1    | Entered Level 1 of the Elven Halls
 42492 | Elf:1    | Reached skill level 10 in Dodging
 42616 | Elf:1    | Noticed Louise
 42619 | Elf:1    | Killed Louise
 42739 | Elf:1    | HP: 3/105 [scimitar of slicing (17)]
 42739 | Elf:1    | Slain by a scimitar of slicing

Skill      XL: |  1  2  3  4  5  6  7  8  9 10 11 12 13 14 15 16 |
---------------+-------------------------------------------------+-----
Conjurations   | 5 6 7 8 11 12 13 15 16 | 16.0
Fighting       | 3 5 8 9 |  9.3
Spellcasting   | 4 9 12 17 18 | 18.7
Dodging        | 3 8 10 | 10.5
Shields        | 4 |  4.0
Fire Magic     | 6 9 12 15 16 | 16.0
Hexes          | 6 |  6.0
Stealth        | |  2.4

Action                   |  1- 3 |  4- 6 |  7- 9 | 10-12 | 13-15 | 16-18 || total
-------------------------+-------+-------+-------+-------+-------+-------++-------
Melee: Club              |     8 |     3 |       |       |       |       ||    11
       Quarterstaff      |       |       |    41 |       |       |       ||    41
       Mace              |       |       |    56 |       |       |       ||    56
       Flail             |       |       |     6 |   259 |       |       ||   265
       Staff             |       |       |       |   108 |   154 |     8 ||   270
       Long sword        |       |       |       |       |       |     5 ||     5
 Fire: Hunting sling     |       |    64 |   105 |     9 |       |       ||   178
       Shortbow          |       |       |    23 |       |       |       ||    23
Throw: Tomahawk          |    15 |     5 |       |       |       |       ||    20
 Cast: Magic Dart        |    53 |    95 |    68 |    53 |    19 |    10 ||   298
       Searing Ray       |       |    25 |    67 |    37 |    22 |     3 ||   154
       Iskenderun's Myst |       |       |       |   211 |   298 |    41 ||   550
       Fulminant Prism   |       |       |       |    42 |    81 |    11 ||   134
       Fireball          |       |       |       |    53 |   169 |    23 ||   245
       Bolt of Fire      |       |       |       |       |   101 |    38 ||   139
       Cause Fear        |       |       |       |       |     9 |     6 ||    15
       Conjure Flame     |       |       |       |       |     4 |       ||     4
       Mephitic Cloud    |       |       |       |       |     2 |    15 ||    17
Evoke: Wand              |       |       |       |    11 |       |       ||    11
  Use: Potion            |       |     3 |     2 |     6 |     1 |    12 ||    24
       Scroll            |       |       |     4 |     8 |     9 |     4 ||    25
 Stab: Sleeping          |     1 |       |     1 |     2 |       |       ||     4
       Confused          |       |       |       |       |       |     3 ||     3
  Eat: Chunk             |     1 |    12 |    14 |    20 |    26 |     6 ||    79
       Ration            |       |       |     3 |     8 |     8 |     1 ||    20
Armor: Robe              |     2 |    10 |    58 |   139 |    74 |    13 ||   296
       Skin              |       |     1 |       |    26 |       |       ||    27
Dodge: Dodged            |    12 |    68 |   201 |   543 |   341 |    65 ||  1230
Block: Buckler           |       |       |    23 |   187 |   136 |    26 ||   372
